Map: Abyssal Reef LE

Players

SortOf - Winner!

  • Race: Zerg Zerg
  • Spawn Location: 11:00

Revolution

  • Race: Zerg Zerg
  • Spawn Location: 5:00

Event: WCS Montreal 2017

VOD

Have the link to the VOD?

Description

Time

  • Played on: Sept. 8, 2017, 12:19 p.m.
  • Length: 4:34

All games in this series

Show
View Real Time Build Order
Export as new Build Order

SortOf Zerg - Winner!

Build Orders: Pool First 

Get SALT Encoding   

  12  0:18  Spawning Pool  
  11  0:22  Drone  
  11  0:27  Drone  
  13  0:34  Drone  
  14  0:43  Overlord  
  14  1:05  Zergling x6  
  17  1:16  Zergling x2  
  18  1:20  Hatchery  
  17  1:27  Zergling x2  
  18  1:37  Zergling x2  
  19  1:40  Queen  
  21  1:48  Zergling x2  
  22  1:57  Spine Crawler  
  21  2:09  Drone  
  22  2:18  Drone  
  22  2:32  Queen x2  
  22  2:35  Zergling x2  
  26  2:44  Zergling x2  
  27  3:00  Overlord  
  23  3:07  Queen  
  23  3:10  Drone x3  
  23  3:12  Drone  
  27  3:14  Drone  
  27  3:19  Drone  
  28  3:25  Drone x2  
  29  3:37  Zergling x6  
  32  3:43  Zergling x2  
  32  3:48  Queen  
  35  3:55  Overlord  
  35  4:16  Zergling x6  
Show
View Real Time Build Order
Export as new Build Order

Revolution Zerg 

Build Orders: 1 Base Baneling Bust, Pool First, Zergling Baneling 

Get SALT Encoding   

  12  0:00  Drone  
  13  0:08  Extractor  
  12  0:26  Spawning Pool  
  11  0:29  Drone  
  11  0:35  Drone  
  13  0:42  Drone  
  14  0:55  Extractor, Drone  
  15  0:58  Overlord  
  15  1:15  Metabolic Boost  
  15  1:17  Zergling x2  
  15  1:18  Zergling x2  
  17  1:31  Baneling Nest  
  16  1:35  Zergling x4  
  18  1:47  Zergling x2  
  19  2:08  Zergling x4  
  21  2:22  Queen, Overlord  
  21  2:23  Extractor  
  23  2:40  Baneling x4  
  23  2:44  Zergling x4  
  24  2:59  Zergling x2  
  21  3:12  Zergling x4  
  22  3:19  Baneling x4  
  22  3:22  Zergling x2  
  22  3:38  Zergling x2  
  22  3:40  Zergling x6  
  25  3:51  Zergling x2  
  26  3:57  Hatchery  
  26  4:00  Baneling x3  
  25  4:07  Zergling x4  
Tags
 
Add a new tag
Caveats
  • Supply blocks, unpowered buildings, or Contaminate may cause inaccurate times.
  • Supply counts are checked every 10 seconds.